 Dungeon Crawl Stone Soup version 0.31-a0-940-gdaa99269f9 (webtiles) character file.

Game seed: 1378646521290365740

1696 Shayle the Trooper (level 9, -1/96 HPs)
             Began as an Ogre Hexslinger on Oct 20, 2023.
             Was an Initiate of Ashenzari.
             Killed by divine providence
             ... invoked by an orc priest
              (13 damage)
             ... on level 6 of the Dungeon.
             The game lasted 00:23:58 (6803 turns).

Shayle the Trooper (Ogre Hexslinger)                Turns: 6803, Time: 00:23:59

Health: -1/96      AC:  3    Str: 16    XL:     9   Next: 3%
Magic:  17/17      EV: 10    Int: 16    God:    Ashenzari [......]
Gold:   257        SH:  0    Dex: 11    Spells: 10/19 levels left

rFire   . . .        u - +5 Force Lance {heavy, knockback}
rCold   . . .        (no shield)
rNeg    . . .        c - +0 robe
rPois   .            (helmet restricted)
rElec   .            (no cloak)
rCorr   .            (gloves unavailable)
SInv    .            (boots unavailable)
Will    .....        k - amulet "Bound Together" {Acrobat, Self, Fort} (curse)
Stlth   +            (no ring)
HPRegen 0.36/turn    (no ring)
MPRegen 0.15/turn

%: acrobat
@: no status effects
A: large, unfitting armour, tough skin 1
a: Renounce Religion, Curse Item, Shatter the Chains


You were on level 6 of the Dungeon.
You worshipped Ashenzari.
Ashenzari was noncommittal.
You visited 1 branch of the dungeon, and saw 6 of its levels.

You collected 257 gold pieces.

Inventory:

Hand Weapons
 a - a +2 sling of electrocution
 b - a +0 giant spiked club
 o - a +2 dagger of venom
 q - a +4 spear
 u - the +5 Force Lance (weapon) {heavy, knockback}
   (You found it on level 6 of the Dungeon)
 w - a +4 flail of draining
Missiles
 i - 2 curare-tipped darts
 p - a throwing net
Armour
 c - a +0 robe (worn)
 g - an orb of wrath
Jewellery
 k - the cursed amulet "Bound Together" (around neck) {Acrobat, Self, Fort}
   (You found it on level 3 of the Dungeon)

   [amulet of the acrobat]

   Acrobat:   It increases your evasion while moving and waiting.
   It has a curse which improves the following skills: Introspection: Fighting
   and Spellcasting.
   Fortitude: Armour and Shields.
Wands
 f - a wand of paralysis (5)
 l - a wand of polymorph (8)
Scrolls
 d - a scroll of immolation {unknown}
 h - 7 scrolls of identify
 j - a scroll of fog
 n - a scroll of fear {unknown}
 r - a scroll of summoning {unknown}
 s - a scroll of torment {unknown}
 v - a scroll of revelation {unknown}
Potions
 m - a potion of invisibility {unknown}


   Skills:
 + Level 7.6(8.0) Fighting
 - Level 2.4 Maces & Flails
 - Level 1.3 Ranged Weapons
 + Level 3.8(4.2) Armour
 - Level 3.2 Dodging
 + Level 4.6(5.0) Shields
 + Level 5.4(5.8) Spellcasting
 - Level 2.6 Hexes
 - Level 0.8 Fire Magic


You had 10 spell levels left.
You knew the following spells:

 Your Spells              Type           Power      Damage    Failure   Level
a - Jinxbite              Hex            26%        N/A       7%          2
b - Sublimation of Blood  Necr           4%         N/A       22%         2
c - Wereblood             Tmut           4%         N/A       22%         2
d - Mephitic Cloud        Conj/Pois/Air  4%         N/A       38%         3

Your spell library contained the following spells:

 Spells                   Type           Power      Damage    Failure   Level
 Summon Small Mammal      Summ           16%        N/A       14%         1
 Sigil of Binding         Hex            13%        N/A       14%         3
 Inner Flame              Hex/Fire       10%        N/A       21%         3
 Poisonous Vapours        Pois/Air       8%         N/A       22%         2
 Summon Guardian Golem    Hex/Summ       8%         N/A       24%         3
 Volatile Blastmotes      Fire/Tloc      12%        2d11      34%         3
 Call Canine Familiar     Summ           4%         N/A       38%         3
 Cause Fear               Hex            6%         N/A       43%         4
 Dimensional Bullseye     Hex/Tloc       4%         N/A       63%         4
 Fulminant Prism          Conj/Hex       4%         3d5       63%         4
 Leda's Liquefaction      Hex/Erth       4%         N/A       63%         4
 Iskenderun's Mystic Bla  Conj/Tloc      4%         2d3       80%         4
 Olgreb's Toxic Radiance  Pois           4%         N/A       80%         4
 Alistair's Intoxication  Tmut/Pois      2%         N/A       98%         5
 Borgnjor's Vile Clutch   Necr/Erth      2%         N/A       98%         5
 Freezing Cloud           Conj/Ice/Air   2%         6-21      98%         5
 Eringya's Noxious Bog    Tmut/Pois      2%         4d6       100%        6
 Summon Hydra             Summ           2%         N/A       100%        7
 Discord                  Hex            6%         N/A       100%        8
 Ignition                 Fire           3%         3d4       100%        8
 Chain Lightning          Conj/Air       2%         3d2       100%        9


Dungeon Overview and Level Annotations

Branches:
Dungeon (6/15)
 Temple: D:4-7

Altars:
Ashenzari
Elyvilon
Fedhas
Nemelex Xobeh
Uskayaw

Shops:
D:2 ((([   D:6 (


Innate Abilities, Weirdness & Mutations

You are too large for most types of armour.
You have tough skin. (AC +1)


Message History

The orc wizard's wounds heal themselves!
An orc priest comes into view. It is wielding a +0 short sword.
The orc wizard closely misses you.
The orc priest shouts!
You hit the orc priest.
The orc priest is knocked back by the blow.
The orc priest collides with the orc priest!
The orc priest is almost dead.
You punch the orc priest, but do no damage.
The orc priest is moderately wounded.
You feel sick.
The orc wizard hits you but does no damage.
The orc priest hits you but does no damage.
The orc priest closely misses the orc priest.
You puncture the orc priest!
The orc priest is knocked back by the blow.
The orc priest is heavily wounded.
You feel sick.
You are no longer poisoned.
The orc wizard hits you with a +0 dagger.
The orc priest hits you with a +0 falchion.
* * * LOW HITPOINT WARNING * * *
An orc comes into view. It is wielding a +0 short sword.
The orc wizard closely misses you.
The orc priest hits you but does no damage.
Okay, then.
You barely miss the orc priest.
The orc priest is heavily wounded.
The orc priest seems less confused.
The orc priest barely misses you.
The orc priest calls upon Beogh to heal the orc priest.
The orc priest's wounds heal themselves!
The orc wizard barely misses you.
The orc priest hits you with a +0 falchion.
* * * LOW HITPOINT WARNING * * *
The orc priest mumbles some strange prayers to Beogh against you.
Beogh smites you!
* * * LOW HITPOINT WARNING * * *
The orc priest mumbles some strange prayers to Beogh against you.
Beogh smites you!
You die...

#.................
#.................
#.....).......o...
#.....##....#
#....§# ....##
#...§.##......
#.o.§§........
#ooo§§[o......
#@o§§§....o...
########o.....
...... ...## ##+#


You could see 3 orc priests, an orc wizard and an orc.

Vanquished Creatures
  Edmund (D:6)
  A sky beast (D:3)
  4 ogres
  A phantom (D:6)
  2 scorpions (D:6)
  3 howler monkeys
  5 hounds
  An orc priest (D:5)
  2 jellies
  2 iguanas (D:4)
  4 orc wizards
  20 gnolls
  8 adders
  A white imp (D:6)
  2 ufetubi (D:5)
  3 worms
  5 dart slugs
  33 orcs
  10 endoplasms
  3 giant cockroaches
  11 hobgoblins
  16 jackals
  3 kobolds
  2 quokkas
  7 ball pythons
  2 bats (D:1)
  2 frilled lizards (D:1)
  7 goblins
  7 rats
168 creatures vanquished.

Notes
Turn   | Place    | Note
-------+----------+-------------------------------------------
     0 | D:1      | Shayle the Ogre Hexslinger began the quest for the Orb.
     0 | D:1      | Reached XP level 1. HP: 19/19 MP: 2/2
   137 | D:1      | Reached skill level 2 in Fighting
   137 | D:1      | Reached XP level 2. HP: 8/28 MP: 3/3
   221 | D:1      | Learned a level 2 spell: Jinxbite
   283 | D:1      | Reached skill level 1 in Maces & Flails
   366 | D:1      | Reached XP level 3. HP: 36/36 MP: 4/4
   947 | D:2      | Found Lyatu's Antique Weapon Boutique.
  1111 | D:2      | Reached skill level 3 in Fighting
  1239 | D:2      | Reached XP level 4. HP: 45/45 MP: 5/5
  1345 | D:2      | Found Recut's Weapon Shop.
  1376 | D:2      | Found Bies's Antique Weapon Shop.
  1813 | D:2      | Found Foonas's Armour Shop.
  1835 | D:3      | Identified the "Loapseomm"
  1914 | D:3      | Found a broken altar of Ashenzari.
  1923 | D:3      | Became a worshipper of Ashenzari the Shackled
  2015 | D:3      | Reached XP level 5. HP: 44/54 MP: 4/6
  2033 | D:3      | Learned a level 2 spell: Sublimation of Blood
  2036 | D:3      | Learned a level 2 spell: Wereblood
  2440 | D:3      | Reached skill level 4 in Fighting
  2703 | D:3      | Found a hide-covered altar of Uskayaw.
  2917 | D:3      | Noticed a sky beast
  3213 | D:4      | Noticed an ogre
  3225 | D:4      | Killed an ogre
  3226 | D:4      | Reached skill level 1 in Shields
  3226 | D:4      | Reached XP level 6. HP: 66/66 MP: 4/9
  3230 | D:4      | Reached skill level 1 in Armour
  3698 | D:4      | Reached skill level 5 in Fighting
  3741 | D:4      | Reached XP level 7. HP: 50/72 MP: 11/11
  3886 | D:4      | Learned a level 3 spell: Mephitic Cloud
  4841 | D:3      | Found a blossoming altar of Fedhas.
  4930 | D:5      | Entered Level 5 of the Dungeon
  5034 | D:5      | Found a white marble altar of Elyvilon.
  5181 | D:5      | Reached skill level 6 in Fighting
  5233 | D:5      | Reached XP level 8. HP: 84/84 MP: 12/14
  6511 | D:6      | Found the +5 Force Lance {heavy, knockback}
  6575 | D:5      | Reached skill level 7 in Fighting
  6655 | D:6      | Found Tiobiuh's Antique Weapon Boutique.
  6669 | D:6      | Reached skill level 5 in Spellcasting
  6729 | D:6      | Found a sparkling altar of Nemelex Xobeh.
  6762 | D:6      | Noticed Edmund
  6776 | D:6      | Killed Edmund
  6799 | D:6      | Reached XP level 9. HP: 36/96 MP: 17/17
  6803 | D:6      | Killed from afar by an orc priest

Illustrated notes

Levels and vault maps discovered:
D:1:      minmay_arrival_plants_in_alcoves, layout_loops_ring,
          serial_co_window_serial, co_window_paths_b,
          co_window_of_opportunity_a, co_window_paths_b, co_window_paths_a,
          co_window_corner_a, co_window_corner_b, co_window_of_opportunity_b,
          co_window_corner_b, co_window_broadway_b, co_window_cross_2,
          co_window_broadway_a, co_window_corner_b, co_window_4corner_a,
          glass_columns_a, glass_columns_a, glass_columns_a
D:2:      layout_basic, serial_shops, nicolae_shop_hallway_plus,
          nicolae_shop_real_fake_doors, shop, shop
D:3:      layout_loops_ring, mainiacjoe_overflow_catwalk,
          lemuel_coloured_pillars_altar, mainiacjoe_overflow_alcove_4,
          grunt_ministairs_7, minmay_misc_feat_chi, roderic_roman_lattice
D:4:      layout_layer_cave, grunt_ministairs_8, st_stairs_4,
          minmay_a_box_with_orc_wizards_in_it
D:5:      lemuel_castle_with_subvaults [lemuel_castle_interior_carwin_2],
          layout_loops_corners, mainiacjoe_overflow_small_starburst
D:6:      layout_gridville, nemelex_xobeh_ov_fountains_minmay, serial_shops,
          nicolae_stop_n_shop_1, portal_sewer_entry_a,
          minmay_increasing_density, uniq_edmund, uniq_menkaure, uniq_maggie

Skill      XL: |  1  2  3  4  5  6  7  8 |
---------------+-------------------------+-----
Fighting       | 2 3 4 5 6 7 |  7.6
Dodging        | 2 3 |  3.2
Maces & Flails | 1 2 |  2.4
Shields        | 1 2 3 4 |  4.6
Armour         | 1 2 3 |  3.8
Spellcasting   | 2 3 5 |  5.4
Ranged Weapons | |  1.3
Hexes          | |  2.6
Fire Magic     | |  0.8

Action                     |  1- 3 |  4- 6 |  7- 9 || total
---------------------------+-------+-------+-------++-------
  Melee: Giant spiked club |       |    24 |    26 ||    50
         Lance             |       |       |    15 ||    15
         Punch             |       |       |     1 ||     1
   Fire: Sling             |   120 |   208 |   220 ||   548
   Cast: Jinxbite          |       |     9 |    22 ||    31
         Wereblood         |       |     4 |     9 ||    13
         Mephitic Cloud    |       |       |     1 ||     1
 Invoke: Curse Item        |       |     1 |       ||     1
  Evoke: Wand              |       |     2 |     3 ||     5
    Use: Scroll            |     2 |     4 |     2 ||     8
         Potion            |       |     3 |     5 ||     8
   Stab: Paralysed         |       |       |     5 ||     5
         Sleeping          |       |       |     1 ||     1
 Armour: Robe              |    47 |   115 |   183 ||   345
  Dodge: Dodged            |    29 |    94 |   157 ||   280

Table legend: (Time is in decaauts)
 A = Elapsed time spent in this place.
 B = Non-inter-level travel time spent in this place.
 C = Inter-level travel time spent in this place.
 D = Time resting spent in this place.
 E = Time spent auto-exploring this place.
 F = Levels seen in this place.
 G = Mean time per level.
                   A        B        C        D        E       F      G
               +--------+--------+--------+--------+--------+-----+--------+
         Total |   7030 |   6865 |    165 |   1123 |   3947 |   6 | 1171.7 |
       Dungeon |   7030 |   6865 |    165 |   1123 |   3947 |   6 | 1171.7 |
               +--------+--------+--------+--------+--------+-----+--------+

Top non-repeatable levels by time:
     D:4: 1819 daAuts
     D:5: 1739 daAuts
     D:3: 1377 daAuts
     D:1: 953 daAuts
     D:2: 933 daAuts
     D:6: 206 daAuts
